 Dungeon Crawl Stone Soup version 0.28.0-53-g5a82cb258f (webtiles) character file.

Game seed: 16958598313789814995

94 Logoto the Firebug (level 4, -5/35 HPs)
             Began as a Hill Orc Fire Elementalist on Aug 4, 2022.
             Was an Initiate of Beogh.
             Slain by a gnoll shaman
             ... wielding a +0 whip
              (10 damage)
             ... on level 3 of the Dungeon.
             The game lasted 00:10:26 (4100 turns).

Logoto the Firebug (Hill Orc Fire Elementalist)     Turns: 4100, Time: 00:10:26

Health: -5/35      AC:  9    Str: 12    XL:     4   Next: 63%
Magic:  7/7        EV:  5    Int: 15    God:    Beogh [......]
Gold:   113        SH:  0    Dex: 11    Spells: 4/7 levels left

rFire   . . .      SeeInvis .   c - +0 short sword
rCold   . . .      Faith    .   (no shield)
rNeg    . . .      Spirit   .   i - +0 chain mail
rPois   .          Reflect  .   (no helmet)
rElec   .          Harm     .   (no cloak)
rCorr   .          Rampage  .   (no gloves)
Will    .....                   a - +0 pair of boots
Stlth   ..........              (no amulet)
HPRegen 0.11/turn               (no ring)
MPRegen 0.10/turn               (no ring)

@: no status effects
A: no striking features
a: Renounce Religion


You were on level 3 of the Dungeon.
You worshipped Beogh.
Beogh was noncommittal.
You visited 1 branch of the dungeon, and saw 4 of its levels.

You collected 113 gold pieces.

Inventory:

Hand Weapons
 c - a +0 short sword (weapon)
Armour
 a - a +0 pair of boots (worn)
 i - a +0 chain mail (worn)
 j - a +0 scale mail
Jewellery
 f - a ring of ice
Scrolls
 b - 3 scrolls of identify {unknown}
 e - 3 scrolls of teleportation {unknown}
 g - 2 scrolls of magic mapping {unknown}
Potions
 d - a potion of curing {unknown}
 h - 2 potions of attraction {unknown}


   Skills:
 + Level 1.0 Fighting
 + Level 1.0 Short Blades
 + Level 1.9 Dodging
 + Level 1.9 Stealth
 + Level 2.2 Spellcasting
 + Level 1.3 Conjurations
 + Level 4.1 Fire Magic


You had 4 spell levels left.
You knew the following spells:

 Your Spells              Type           Power      Damage    Failure   Level
a - Foxfire               Conj/Fire      36%        2x1d5     98%         1
b - Scorch                Fire           28%        2d6       96%         2

Your spell library contained the following spells:

 Spells                   Type           Power      Damage    Failure   Level
 Shock                    Conj/Air       12%        1d3       100%        1
 Conjure Flame            Conj/Fire      9%         6-21      100%        3
 Inner Flame              Hex/Fire       7%         N/A       100%        3
 Swiftness                Air            1%         N/A       100%        3
 Airstrike                Air            0%         N/A       100%        4
 Flame Wave               Conj/Fire      9%         2d5       100%        4


Dungeon Overview and Level Annotations

Branches:
Dungeon (4/15)
 Temple: D:4-7

Altars:
Ashenzari
Fedhas
Qazlal
Uskayaw
Yredelemnul


Message History

You hear a splashing noise.
Casting: Scorch (extremely dangerous; 96% risk of failure)
Confirm with . or Enter, or press ? or * to list all spells.
The spell is extremely dangerous to miscast (96% risk of failure)!
Continue anyway?
Okay, then.
Casting: Scorch (extremely dangerous; 96% risk of failure)
Confirm with . or Enter, or press ? or * to list all spells.
You miscast Foxfire.
You are very lightly contaminated with residual magic.
Nothing appears to happen.
The gnoll shaman hits you with a +0 whip.
The gnoll hits you from afar with a +0 spear.
The gnoll shaman barely misses you. The gnoll closely misses you.
There is a stone staircase leading up here.
You can't go down here!
The gnoll shaman hits you with a +0 whip.
The gnoll hits you from afar with a +0 spear.
You climb upwards.
There is a stone staircase leading down here.
Casting: Foxfire (safe; 98% risk of failure)
Confirm with . or Enter, or press ? or * to list all spells.
The spell is extremely dangerous to miscast (96% risk of failure)!
Continue anyway? [Y]es or [N]o only, please.
The spell is extremely dangerous to miscast (96% risk of failure)!
Continue anyway?
Okay, then.
The gnoll shaman hits you with a +0 whip.
Your magical contamination has completely faded away.
The gnoll shaman hits you with a +0 whip.
* * * LOW HITPOINT WARNING * * *
You hit the gnoll shaman.
The gnoll shaman is heavily wounded.
The gnoll shaman hits you but does no damage.
You hit the gnoll shaman but do no damage.
The gnoll shaman is heavily wounded.
The gnoll shaman hits you with a +0 whip.
* * * LOW HITPOINT WARNING * * *
You hit the gnoll shaman but do no damage.
The gnoll shaman is moderately wounded.
The gnoll shaman hits you with a +0 whip!
You die...

.................................
.###########.###.###.#####.######
.# #.# #.# #.#####.# .# #.#
#.###.......# .# #.#
#>..........# .# #)#
#.#.#..####.### .# #.###.#.#.[#
#...# .# #<...g#....# #...#
.###########.###@#....####...####
.................................
########..##.#####.........#..###
#..##.# #...##.##.#..# #..####
#.........#..## #..#
#..###........##
#..########...............
########............###.##.#...##
....<......................#.....


You could see a gnoll shaman.

Vanquished Creatures
  An orc wizard (D:4)
  An adder skeleton (D:4)
  3 worms (D:2)
  2 dart slugs
  3 orcs (D:3)
  2 endoplasms (D:1)
  4 giant cockroaches
  5 goblins
  4 hobgoblins
  4 kobolds
  2 quokkas
  3 ball pythons
  6 bats
  3 frilled lizards
  9 rats
52 creatures vanquished.

Vanquished Creatures (others)
  2 orcs (D:3)
  A kobold (D:3)
  A rat (D:3)
  30 foxfires
  7 plants (D:4)
41 creatures vanquished.

Grand Total: 93 creatures vanquished

Notes
Turn   | Place    | Note
-------+----------+-------------------------------------------
     0 | D:1      | Logoto the Hill Orc Fire Elementalist began the quest for
                  | the Orb.
     0 | D:1      | Reached XP level 1. HP: 14/14 MP: 3/3
   274 | D:1      | Reached XP level 2. HP: 20/20 MP: 0/4
   458 | D:1      | Found a faded altar of an unknown god.
  1019 | D:2      | Reached XP level 3. HP: 11/26 MP: 5/5
  1330 | D:2      | Learned a level 2 spell: Scorch
  2543 | D:2      | Found a broken altar of Ashenzari.
  2605 | D:2      | Reached skill level 4 in Fire Magic
  3020 | D:3      | Became a worshipper of Beogh the Brigand
  3032 | D:3      | Reached XP level 4. HP: 29/34 MP: 2/7
  3245 | D:3      | Found a stormy altar of Qazlal.
  3252 | D:3      | Found a blossoming altar of Fedhas.
  3255 | D:3      | Found a hide-covered altar of Uskayaw.
  3255 | D:3      | Found a broken altar of Ashenzari.
  3262 | D:3      | Found a basalt altar of Yredelemnul.
  3490 | D:4      | Reached skill level 1 in Short Blades
  3622 | D:3      | Reached skill level 1 in Fighting
  4018 | D:4      | Noticed a scorpion
  4100 | D:3      | Slain by a gnoll shaman

Illustrated notes

Levels and vault maps discovered:
D:1:      scummos_arrival_forest, layout_rooms, shapermc_ecumenical_altar_venn,
          serial_glass, glass_columns_b, glass_columns_b, due_unseen_surprise
D:2:      layout_loops_ring, basic_altar, patterned_corridor
D:3:      layout_basic, nicolae_overflow_hallway_of_the_gods
D:4:      layout_loops_cross, amcnicky_altar_gilded, serial_bayou,
          serial_bayou_pond_e, serial_bayou_pond_a, serial_bayou_ford_a,
          serial_bayou_lagoon_a, serial_bayou_lagoon_b, serial_bayou_pond_e,
          minmay_misc_feat_alley, sigmund_army

Skill      XL: |  1  2  3  4 |
---------------+-------------+-----
Fire Magic     | 4 |  4.1
Spellcasting   | 2 |  2.2
Short Blades   | 1 |  1.0
Fighting       | 1 |  1.0
Dodging        | |  1.9
Stealth        | |  1.9
Conjurations   | |  1.3

Action                   |  1- 3 |  4- 6 || total
-------------------------+-------+-------++-------
Melee: Unarmed           |     3 |       ||     3
       Short sword       |   116 |    21 ||   137
       Punch             |       |     1 ||     1
 Cast: Foxfire           |    24 |       ||    24
       Scorch            |    14 |    11 ||    25
Invok: Convert to Beogh  |     1 |       ||     1
 Stab: Sleeping          |     1 |       ||     1
Armor: Robe              |    25 |     3 ||    28
       Scale mail        |       |     4 ||     4
       Chain mail        |       |     3 ||     3
Dodge: Dodged            |    77 |    24 ||   101
